 Dungeon Crawl Stone Soup version 0.16.2-12-gd0ad4c3 (webtiles) character file.

51 faibistes the Magician (level 3, -5/19 HPs)
             Began as a Deep Elf Wizard on Apr 30, 2019.
             Killed from afar by a white imp (9 damage)
             ... with a puff of frost
             ... summoned by the player character
             ... on level 2 of the Dungeon.
             The game lasted 00:03:19 (1460 turns).

faibistes the Magician (Deep Elf Wizard)            Turns: 1460, Time: 00:03:19

Health: -5/19      AC:  2    Str:  4    XL:     3   Next: 58%
Magic:  1/14       EV: 13    Int: 23    God:
Gold:   19         SH:  0    Dex: 13    Spells: 5 memorised, 1 level left

rFire  . . .     SeeInvis .     k - +1 dagger (drain)
rCold  . . .     Clarity  .     a - +0 robe
rNeg   . . .     SustAb   .     (no shield)
rPois  .         Gourm    .     b - +0 hat
rElec  .         Spirit   .     (no cloak)
rCorr  .         Warding  .     (no gloves)
rMut   .         Stasis   .     (no boots)
MR     .....                    (no amulet)
Stlth  ++........               (no ring)
                                (no ring)

@: lethally poisoned (-5 -> -9), very slightly contaminated, not resistant to
hostile enchantments, unstealthy
A: no striking features
a: no special abilities


You were on level 2 of the Dungeon.
You were not hungry.

You visited 1 branch of the dungeon, and saw 3 of its levels.

You collected 19 gold pieces.

Inventory:

Hand weapons
 e - a +0 club
 h - a +0 short sword
 k - a +1 dagger of draining (weapon)
Armour
 a - a +0 robe (worn)
 b - a +0 hat (worn)
Magical devices
 m - a wand of teleportation (0)
Scrolls
 f - a scroll of fear {unknown}
 g - a scroll of teleportation {unknown}
Potions
 i - 2 potions of cancellation {unknown}
 j - a potion of brilliance {unknown}
Books
 c - a book of Minor Magic

   Spells                             Type                      Level
   a - Magic Dart                     Conjuration                  1
   b - Blink                          Translocation                2
   c - Call Imp                       Summoning                    2
   d - Repel Missiles                 Charms/Air                   2
   e - Slow                           Hexes                        2
   f - Conjure Flame                  Conjuration/Fire             3
   g - Mephitic Cloud                 Conjuration/Poison/Air       3
Comestibles
 d - a bread ration
 l - 7 chunks of flesh


   Skills:
 + Level 3.0 Dodging
 - Level 2.4 Stealth
 * Level 5.2 Spellcasting
 * Level 2.6 Conjurations
 - Level 1.1 Summonings
 - Level 1.1 Translocations


You had one spell level left.
You knew the following spells:

 Your Spells              Type           Power        Failure   Level  Hunger
a - Magic Dart            Conj           ###.         3%          1    None
b - Conjure Flame         Conj/Fire      ##......     17%         3    ##.....
c - Call Imp              Summ           ##......     12%         2    None
d - Blink                 Tloc           N/A          12%         2    None
e - Mephitic Cloud        Conj/Pois/Air  ##......     21%         3    ##.....


Dungeon Overview and Level Annotations

Branches:
Dungeon (3/15)

Altars:
Cheibriados


Message History

The adder misses you.
Unknown command.
You hit the adder. You drain the adder!
The adder is moderately wounded.
The adder bites you but does no damage.
Your white imp barely misses the adder.
You hit the adder.
The adder is moderately wounded.
The adder barely misses you. The adder bites you.
* * * LOW HITPOINT WARNING * * *
Your white imp closely misses the adder.
Unknown command.
You barely miss the adder.
The adder is moderately wounded.
The adder bites you.
* * * LOW HITPOINT WARNING * * *
You are lethally poisoned!
The adder poisons you!
Your white imp gestures at the adder.
The puff of frost misses the adder.
The puff of frost hits you!
You die...

### #.† #5#
#S# #@# #.#
#)# #)# #)#
##.#######
#.<......# .
#.[......#..#
#.............


You could see an adder and a friendly white imp.

Vanquished Creatures
  Terence (D:2)
  A worm (D:1)
  2 giant cockroaches
  5 goblins
  5 hobgoblins
  5 jackals
  A bat (D:1)
  A giant newt (D:1)
  2 kobolds (D:1)
23 creatures vanquished.

Vanquished Creatures (collateral kills)
  Robin (D:2)
  2 goblins (D:2)
3 creatures vanquished.

Vanquished Creatures (others)
  A white imp (D:2)
1 creature vanquished.

Grand Total: 27 creatures vanquished

Notes
Turn   | Place    | Note
--------------------------------------------------------------
     0 | D:1      | faibistes, the Deep Elf Wizard, began the quest for the Orb.
     0 | D:1      | Reached XP level 1. HP: 10/10 MP: 6/6
   344 | D:1      | Reached XP level 2. HP: 15/15 MP: 6/9
   401 | D:1      | Learned a level 2 spell: Blink
   404 | D:1      | Learned a level 2 spell: Call Imp
   941 | D:3      | Found a snail-covered altar of Cheibriados.
   941 | D:3      | Noticed Robin
   956 | D:2      | Noticed Terence
   959 | D:2      | Killed Robin
   959 | D:2      | Reached skill level 5 in Spellcasting
   959 | D:2      | Reached XP level 3. HP: 10/19 MP: 1/14
   968 | D:1      | Learned a level 3 spell: Conjure Flame
   972 | D:1      | Learned a level 3 spell: Mephitic Cloud
  1114 | D:2      | Killed Terence
  1460 | D:2      | Killed from afar by a white imp

Action                   || total
-------------------------++-------
Melee: Unarmed           ||     1
       Short sword       ||    11
       Dagger            ||     9
 Cast: Magic Dart        ||    73
       Call Imp          ||     5
       Blink             ||     3
       Mephitic Cloud    ||     4
       Conjure Flame     ||     2
 Stab: Confused          ||     1
  Eat: Chunk             ||     2
